 Dungeon Crawl Stone Soup version 0.30-a0-339-g89bb51ec76 (webtiles) character file.

Game seed: 12091758762016880718

36927 lunkers the Nimble (level 13, -4/119 HPs)
             Began as a Meteoran Earth Elementalist on Oct 31, 2022.
             Was a Priest of Ru.
             Slain by a death yak (19 damage)
             ... on level 5 of the Lair of Beasts.
             The game lasted 00:52:10 (6250 turns).

lunkers the Nimble (Meteoran Earth Elementalist)    Turns: 6250, Time: 00:52:11

Health: -4/119     AC: 15    Str: 11    XL:     13   Next: 63%
Magic:  7/23       EV: 18    Int: 31    God:    Ru [***...]
Gold:   785        SH:  5    Dex: 15    Spells: 11/28 levels left

rFire   . . .      SeeInvis .    e - +3 mace "Amabri" {holy, rPois rN++}
rCold   + . .      Faith    .    u - +2 buckler
rNeg    + + .      Spirit   .    J - +7 leather armour of Servitude {rElec rC+ Int+4}
rPois   +          Reflect  .    n - +0 helmet
rElec   +          Harm     .    U - +0 cloak
rCorr   .          Rampage  +    (no gloves)
Will    +....                    M - +2 pair of boots {rampage}
Stlth   +.........               (no amulet)
HPRegen 0.00/turn                w - +6 ring of intelligence
MPRegen 0.18/turn                D - ring of wizardry

@: inhibited regen, glowing, unable to read, unable to drink
A: sense surroundings 2, inhibited regeneration, inability to drink after injury
2, inexperienced 1, otherworldly, glowing, explore regen, low MP 1, inability to
read after injury 1
a: Renounce Religion, Draw Out Power


You were on level 5 of the Lair of Beasts.
You worshipped Ru.
Ru was most pleased with you.
You visited 3 branches of the dungeon, and saw 17 of its levels.

You collected 785 gold pieces.

Inventory:

Hand Weapons
 e - the +3 mace "Amabri" (weapon) {holy, rPois rN++}
   (You found it on level 5 of the Dungeon)

   It has been blessed by the Shining One to cause great damage to the undead
   and demons.
   rPois:     It protects you from poison.
   rN:        It greatly protects you from negative energy.
 k - a +1 long sword of venom
 x - a +1 eveningstar of draining
Missiles
 c - a throwing net
 E - 2 curare-tipped darts
Armour
 a - a +0 robe
 n - a +0 helmet (worn)
 s - a +2 leather armour of willpower
 u - a +2 buckler (worn)
 B - +0 steam dragon scales
 F - +0 steam dragon scales
 J - the +7 leather armour of Servitude (worn) {rElec rC+ Int+4}
   (You found it on level 11 of the Dungeon)

   Int:       It affects your intelligence (+4).
   rC:        It protects you from cold.
   rElec:     It insulates you from electricity.
 M - a +2 pair of boots of rampaging (worn)
 U - a +0 cloak (worn)
Magical Staves
 T - a staff of conjuration
Jewellery
 f - a ring of poison resistance
 j - a +4 ring of protection
 w - a +6 ring of intelligence (left hand)
 y - a +6 ring of intelligence
 D - a ring of wizardry (right hand)
 K - a ring of willpower
Wands
 C - a wand of iceblast (5)
 G - a wand of polymorph (3)
 H - a wand of digging (6)
 I - a wand of flame (21)
Scrolls
 d - 2 scrolls of fear
 g - a scroll of enchant weapon
 i - 3 scrolls of immolation
 N - 2 scrolls of magic mapping
 P - a scroll of enchant armour {unknown}
 Q - a scroll of butterflies {unknown}
 R - a scroll of brand weapon
 S - a scroll of summoning {unknown}
Potions
 b - a potion of magic
 h - a potion of flight
 l - a potion of might
 m - 3 potions of curing
 o - a potion of heal wounds
 p - 2 potions of brilliance
 q - a potion of cancellation
 r - a potion of berserk rage
 t - 2 potions of resistance
 v - 2 potions of mutation
 z - 3 potions of attraction
 A - a potion of ambrosia
 O - 2 potions of haste


   Skills:
 - Level 12.9 Fighting
 - Level 14.3 Dodging
 - Level 1.4 Stealth
 - Level 8.0 Spellcasting
 - Level 5.0 Conjurations
 * Level 10.9 Summonings
 * Level 10.9 Translocations
 - Level 1.2 Transmutations
 - Level 10.0 Earth Magic


You had 11 spell levels left.
You knew the following spells:

 Your Spells              Type           Power      Damage    Failure   Level
a - Sandblast             Erth           100%       2d20      1%          1
b - Passwall              Tmut/Erth      39%        N/A       1%          2
c - Stone Arrow           Conj/Erth      100%       3d13      1%          3
d - Petrify               Tmut/Erth      47%        N/A       3%          4
e - Malign Gateway        Summ/Tloc      34%        N/A       26%         7

Your spell library contained the following spells:

 Spells                   Type           Power      Damage    Failure   Level
 Apportation              Tloc           100%       N/A       1%          1
 Summon Small Mammal      Summ           100%       N/A       1%          1
 Kindle Blastsparks       Fire/Tloc/Air  70%        2d15      1%          3
 Freeze                   Ice            48%        1d6       3%          1
 Necrotise                Necr           48%        1d6       3%          1
 Hailstorm                Conj/Ice       27%        3d7       3%          3
 Ignite Poison            Fire/Tmut/Pois 14%        N/A       8%          3
 Frozen Ramparts          Ice            24%        1d4       9%          3
 Freezing Cloud           Conj/Ice/Air   11%        6-21      38%         5
 Summon Horrible Things   Summ           34%        N/A       89%         8
 Simulacrum               Ice/Necr       6%         N/A       98%         6
 Polar Vortex             Ice            6%         N/A       100%        9


Dungeon Overview and Level Annotations

Branches:
Dungeon (11/15) Zot: 1910  Temple (1/1) D:5 Zot: 362    Lair (5/5) D:11 Zot: 1325
  Slime (0/5) Lair:4
  Swamp: Lair:2-3    Shoals: Lair:2-3     Snake: Lair:2-3    Spider: Lair:2-3
    Orc: D:9-12

Altars:
Ashenzari
Dithmenos
Elyvilon
Fedhas
Gozag
Hepliaklqana
Kikubaaqudgha
Makhleb
Nemelex Xobeh
Okawaru
Qazlal
Ru
Sif Muna
Trog
Uskayaw
Vehumet
Wu Jian
Xom
Yredelemnul
Zin
The Shining One
Jiyva

Shops:
D:6 [

Portals:
Abyss: D:3

Annotations:
D:3 2 transporters, Muataran's ghost, weakling HOFi
D:5 3 runed translucent doors, ColgateMemes's ghost, novice NaTm; DasBelly's ghost, novice DEFE; Lobster4's ghost, novice HuFi; Windows96's ghost, novice HOFi; blackman's ghost, weakling HuDe


Innate Abilities, Weirdness & Mutations

You passively map the area around you.
You do not regenerate when monsters are visible.
You sometimes lose the ability to drink potions when taking damage.
You are somewhat inexperienced. (-1 XL)
You are easily found by Zot.
You glow in the dark.
You regain HP and MP as you explore.
Your magical capacity is low. (-10% MP)
You occasionally lose the ability to read scrolls when taking damage.


Message History

Casting: Sandblast (safe; 1% risk of failure)
Confirm with . or Enter, or press ? or * to list all spells.
Okay, then.
Okay, then.
Unknown command.
Okay, then.
Casting: Sandblast (safe; 1% risk of failure)
Confirm with . or Enter, or press ? or * to list all spells.
Aiming: Passwall (safe; 1% risk of failure)
Press: ? - help, Dir - move target, p - death yak A rock wall.
This rock feels extremely deep.
The death yak gores you!
Unknown command.
Unknown command.
Casting: Passwall (safe; 1% risk of failure)
Confirm with . or Enter, or press ? or * to list all spells.
Aiming: Passwall (safe; 1% risk of failure)
Press: ? - help, Dir - move target A rock wall.
You can drink potions again.
The death yak gores you!
You feel threatened and lose the ability to drink potions!
* * * LOW HITPOINT WARNING * * *
You block the death yak's attack.
You begin to meditate on the wall.
You continue meditating on the rock.
The death yak completely misses you. The death yak gores you!
* * * LOW HITPOINT WARNING * * *
You continue meditating on the rock.
The death yak misses you. The death yak gores you!
* * * LOW HITPOINT WARNING * * *
You continue meditating on the rock.
The death yak gores you!!
* * * LOW HITPOINT WARNING * * *
You block the death yak's attack.
You continue meditating on the rock.
The death yak gores you.
* * * LOW HITPOINT WARNING * * *
The death yak gores you!!
You feel threatened and lose the ability to read scrolls!
You die...

#* ###.###...#
#..........##. .
##.....##..# #.......######
.# ###P..#......#*#.......#
..###.....##......###......#
#...Y....####....## #......#
### ##YYY###.# ###.##
#.......###.# #..Y## #..##
### #............ ##YY.#
##..####### ,,........!.
##..## #^..##Y@# ,
.......... ...## ###...YYY##
, ,.......... Y###
###...##....# .........F Y##
##...####...## * ,..........
Y.###...## #...!#*
,........F. ...#...##
######* .....!P.P. ......#
....F.###. .##.### ,......*
## ##### * ,,,....#*


You could see 3 death yaks and a yak.

Vanquished Creatures
  Snorg (D:10)
  Josephine (Lair:2)
  An entropy weaver (shapeshifter) (D:11)
  4 hydras
  A boulder beetle (Lair:5)
  A two-headed ogre (D:8)
  A catoblepas (Lair:5)
  2 death yaks (Lair:5)
  An anaconda (shapeshifter) (D:10)
  A centaur warrior (D:11)
  Urug (Lair:5)
  A sun demon (D:11)
  Pikel (D:6)
  3 cyclopes
  3 manticores
  5 centaur zombies (D:10)
  4 elephants (Lair:4)
  2 torpor snails
  2 black mambas (Lair:4)
  4 cane toads
  2 orange demons (D:11)
  A smoke demon (D:11)
  2 unseen horrors
  Maggie (D:7)
  2 centaur skeletons (D:10)
  Psyche (D:10)
  2 unseen horror zombies (D:10)
  3 komodo dragons
  4 rime drakes
  3 kobold demonologists
  2 polar bears
  2 dream sheep (D:9)
  10 blink frogs
  A meliai zombie (D:10)
  5 spriggans (Lair:5)
  2 shadows
  5 wraiths
  4 wyverns
  22 yaks
  Grum (D:9)
  A basilisk (Lair:5)
  A neqoxec (D:11)
  2 steam dragons (D:9)
  Menkaure (D:7)
  7 water moccasins
  Duvessa (D:6)
  2 black bears
  7 ice beasts (D:11)
  2 orc warriors (D:10)
  7 wolves
  3 centaurs
  A phantom (D:6)
  8 kobold brigands
  A necrophage (D:6)
  5 bullfrogs
  3 scorpions
  7 wights
  Dowan (D:6)
  A howler monkey (D:5)
  2 quasits (D:11)
  2 hounds
  5 orc priests
  A jelly (D:8)
  Terence (D:2)
  4 iguanas
  11 orc wizards
  2 howler monkey zombies (D:10)
  7 adders
  4 gnolls (D:2)
  A white imp (D:7)
  An ufetubus (D:5)
  27 orcs
  An endoplasm (D:2)
  2 giant cockroaches
  6 goblins
  7 hobgoblins
  4 jackals (D:4)
  A quokka (D:3)
  3 ball pythons
  4 bats (D:2)
  2 frilled lizards
  19 kobolds
293 creatures vanquished.

Vanquished Creatures (others)
  A centaur (D:10)
  A quasit (D:11)
  A kobold (D:8)
  14 fungi
  33 plants
50 creatures vanquished.

Grand Total: 343 creatures vanquished

Notes
Turn   | Place    | Note
-------+----------+-------------------------------------------
     0 | D:1      | lunkers the Meteoran Earth Elementalist began the quest for
                  | the Orb.
     0 | D:1      | Reached XP level 1. HP: 14/14 MP: 5/5
   184 | D:2      | Reached XP level 2. HP: 20/20 MP: 4/6
   187 | D:2      | Learned a level 2 spell: Passwall
   296 | D:2      | Reached XP level 3. HP: 26/26 MP: 2/8
   377 | D:2      | Reached skill level 5 in Earth Magic
   377 | D:2      | Reached XP level 4. HP: 26/33 MP: 0/10
   533 | D:2      | Noticed Terence
   536 | D:2      | Killed Terence
   537 | D:2      | Reached XP level 5. HP: 38/38 MP: 8/12
   821 | D:3      | Found a transporter.
   827 | D:3      | Learned a level 3 spell: Stone Arrow
   860 | D:3      | Found a one-way gate to the infinite horrors of the Abyss.
   860 | D:3      | Noticed Muataran's ghost (weakling HOFi)
   860 | D:3      | Noticed a kobold brigand
   883 | D:3      | Noticed a small abomination
   896 | D:3      | Found a transporter.
   970 | D:4      | Identified the +2 chain mail of Gozag's Favour {+Inv rElec
                  | rF+ Stlth-}
  1075 | D:4      | Reached skill level 1 in Conjurations
  1106 | D:4      | Reached XP level 6. HP: 45/45 MP: 11/13
  1218 | D:5      | Entered Level 5 of the Dungeon
  1242 | D:5      | Reached XP level 7. HP: 50/50 MP: 13/15
  1276 | D:5      | Found a staircase to the Ecumenical Temple.
  1278 | D:5      | Found a runed translucent gate.
  1278 | D:5      | Found a runed translucent gate.
  1278 | D:5      | Found a runed translucent gate.
  1279 | D:5      | Noticed Lobster4's ghost (novice HuFi)
  1279 | D:5      | Noticed blackman's ghost (weakling HuDe)
  1279 | D:5      | Noticed DasBelly's ghost (novice DEFE)
  1281 | D:5      | Noticed ColgateMemes's ghost (novice NaTm)
  1285 | Temple   | Entered the Ecumenical Temple
  1465 | D:5      | Noticed Windows96's ghost (novice HOFi)
  1517 | D:5      | Identified the +3 mace "Amabri" {holy, rPois rN++}
  1770 | D:5      | Reached skill level 5 in Spellcasting
  1893 | D:6      | Reached XP level 8. HP: 55/57 MP: 10/17
  1939 | D:6      | Noticed Pikel
  1945 | D:6      | Killed Pikel
  2037 | Temple   | Became a worshipper of Ru the Awakened
  2091 | D:6      | Learned a level 4 spell: Petrify
  2109 | D:6      | Gained mutation: You passively map the area around you.
                  | [Meteoran growth]
  2109 | D:6      | Reached XP level 9. HP: 63/63 MP: 17/20
  2160 | D:6      | Found Jofidd's Armour Emporium.
  2284 | D:6      | Noticed Duvessa
  2284 | D:6      | Noticed Dowan
  2288 | D:6      | Killed Duvessa
  2289 | D:6      | Reached skill level 1 in Fighting
  2289 | D:6      | Reached skill level 3 in Dodging
  2291 | D:6      | Killed Dowan
  2296 | D:6      | Reached skill level 5 in Conjurations
  2335 | D:7      | Noticed Menkaure
  2338 | D:7      | Killed Menkaure
  2339 | D:7      | Reached skill level 10 in Earth Magic
  2552 | D:7      | Found a blossoming altar of Fedhas.
  2585 | D:7      | Noticed Maggie
  2586 | D:7      | Reached skill level 4 in Dodging
  2590 | D:7      | Killed Maggie
  2768 | D:7      | You fall into a shaft and drop 3 floors!
  2768 | D:10     | Entered Level 10 of the Dungeon
  2792 | D:10     | Noticed Snorg
  2802 | D:10     | Killed Snorg
  2803 | D:10     | Reached skill level 5 in Fighting
  2803 | D:10     | Reached skill level 6 in Dodging
  2803 | D:10     | Reached XP level 10. HP: 70/81 MP: 6/23
  2806 | D:10     | Reached skill level 7 in Dodging
  2851 | D:10     | Reached skill level 8 in Dodging
  2867 | D:9      | Noticed a cyclops
  2885 | D:10     | Found a glowing golden altar of the Shining One.
  2912 | D:9      | Killed a cyclops
  2941 | D:9      | Reached skill level 9 in Dodging
  2980 | D:8      | Gained mutation: You occasionally lose the ability to drink
                  | potions when taking damage. [Ru sacrifice]
  2980 | D:8      | Gained mutation: You sometimes lose the ability to drink
                  | potions when taking damage. [Ru sacrifice]
  2980 | D:8      | Reached * piety under Ru
  3042 | D:8      | Found an opulent altar of Gozag.
  3046 | D:8      | Reached XP level 11. HP: 90/94 MP: 22/24
  3046 | D:8      | Found a basalt altar of Yredelemnul.
  3294 | D:8      | Found a broken altar of Ashenzari.
  3294 | D:8      | Noticed a two-headed ogre
  3299 | D:8      | Killed a two-headed ogre
  3543 | D:8      | Reached skill level 10 in Dodging
  3627 | D:9      | Noticed Grum
  3639 | D:9      | Killed Grum
  3684 | D:9      | Noticed a three-headed hydra
  3716 | D:9      | Killed a three-headed hydra
  3717 | D:9      | Reached skill level 10 in Fighting
  3717 | D:9      | Reached skill level 11 in Dodging
  3845 | D:10     | Found a shimmering blue altar of Sif Muna.
  3873 | D:10     | Reached XP level 12. HP: 99/108 MP: 16/25
  3893 | D:10     | Reached skill level 12 in Dodging
  3982 | D:10     | Noticed Psyche
  3983 | D:10     | Noticed a two-headed ogre
  4005 | D:10     | a two-headed ogre changed into a glowing shapeshifter
  4008 | D:10     | a water nymph changed into an anaconda
  4008 | D:10     | Noticed an anaconda (glowing shapeshifter)
  4014 | D:10     | Killed an anaconda
  4094 | D:10     | Killed Psyche
  4111 | D:10     | Reached skill level 13 in Dodging
  4164 | D:11     | Gained mutation: You occasionally lose the ability to read
                  | scrolls when taking damage. [a neqoxec]
  4165 | D:11     | Gained mutation: Your magical capacity is low. (-10% MP) [a
                  | neqoxec]
  4174 | D:11     | Identified the +7 leather armour of Servitude {rElec rC+
                  | Int+4}
  4284 | D:11     | Gained mutation: You are somewhat inexperienced. (-1 XL)
                  | [Ru sacrifice]
  4284 | D:11     | Reached XP level 11. HP: 105/105 MP: 14/21
  4284 | D:11     | Reached ** piety under Ru
  4304 | D:11     | Noticed a centaur warrior
  4325 | D:11     | a raiju changed into an entropy weaver
  4325 | D:11     | Noticed an entropy weaver (shapeshifter)
  4329 | D:11     | Killed an entropy weaver
  4350 | D:11     | Noticed a sun demon
  4357 | D:11     | Killed a sun demon
  4358 | D:11     | Reached skill level 14 in Dodging
  4434 | D:11     | Killed a centaur warrior
  4435 | D:11     | Reached XP level 12. HP: 108/113 MP: 12/22
  4468 | D:11     | Learned a level 7 spell: Malign Gateway
  4542 | D:11     | Reached skill level 1 in Summonings
  4542 | D:11     | Reached skill level 1 in Translocations
  4679 | D:11     | Found a staircase to the Lair.
  4731 | Lair:1   | Entered Level 1 of the Lair of Beasts
  4779 | Lair:1   | You fall into a shaft and drop 1 floor!
  4797 | Lair:3   | Noticed a seven-headed hydra
  4833 | Lair:3   | Reached skill level 5 in Summonings
  4833 | Lair:3   | Reached skill level 5 in Translocations
  4850 | Lair:3   | Noticed Josephine
  4954 | Lair:2   | Killed Josephine
  4963 | Lair:3   | Killed a seven-headed hydra
  5187 | Lair:3   | Identified the +1 war axe of the Ship {vamp, rN++}
  5310 | Lair:4   | Found a viscous altar of Jiyva.
  5311 | Lair:4   | Found a staircase to the Slime Pits.
  5368 | Lair:5   | Entered Level 5 of the Lair of Beasts
  5552 | Lair:5   | Noticed a six-headed hydra
  5559 | Lair:4   | Reached XP level 13. HP: 105/119 MP: 19/23
  5561 | Lair:4   | Gained mutation: You do not regenerate when monsters are
                  | visible. [Ru sacrifice]
  5561 | Lair:4   | Reached *** piety under Ru
  5860 | Lair:5   | Noticed Urug
  5862 | Lair:5   | Reached skill level 10 in Summonings
  5862 | Lair:5   | Reached skill level 10 in Translocations
  6173 | Lair:5   | Killed Urug
  6250 | Lair:5   | Slain by a death yak

Illustrated notes

Levels and vault maps discovered:
D:1:      eino_arrival_druids_welcome, layout_basic, feat_on_display
D:2:      minmay_chambers_of_twos, layout_basic,
          hellmonk_ecumenical_altar_zigzags, uniq_terence, uniq_sigmund
D:3:      layout_loops_corners, gammafunk_ghost_abyssal_escape
D:4:      layout_basic
D:5:      layout_basic, temple_fountains, gammafunk_ghost_cemetery,
          uniq_crazy_yiuf_cottage
D:6:      layout_basic, serial_shops, nicolae_shop_statue_plus,
          minmay_fractal_squares_gapless_5, uniq_pikel, uniq_duvessa
D:7:      layout_layer_cave, amcnicky_altar_gilded, uniq_maggie, uniq_menkaure
D:8:      layout_basic, mainiacjoe_overflow_tiny_flanked, jmf_multi_god_temple
D:9:      layout_cross, orc_0_dummy, chequers_serial_rivers_micro_a,
          hangedman_ranch, uniq_grum
D:10:     hangedman_screamer, layout_rooms, chei_slow_surprise, tso_metal_star,
          led_sif_book, ebering_dispersal_statue_hall,
          hellmonk_guarded_unrand_cigotuvi, uniq_psyche, uniq_snorg, uniq_sonja
D:11:     layout_roguey, hellmonk_lair_entry_icy, serial_demonic,
          serial_demonic_d, serial_demonic_e, serial_demonic_a,
          serial_demonic_e, minmay_diamond_spiral
Temple:   nicolae_temple_superstar
Lair:1:   layout_gridlike, grunt_megastairs_4
Lair:2:   layout_misc_corridors, minmay_shoals_entry_centaurs,
          dummy_spider_entry
Lair:3:   layout_layer_cave, serial_rivers, chequers_serial_rivers_micro_c,
          chequers_serial_rivers_micro_e, chequers_serial_rivers_small_b,
          chequers_serial_rivers_room_a, chequers_serial_rivers_small_b,
          uniq_josephine
Lair:4:   layout_small_grid, slime_entry_1, infiniplex_staircase_pool
Lair:5:   evilmike_catoblepas_cave, layout_hall_layers, wad_woods_01,
          grunt_megastairs_2, uniq_urug

Skill      XL: |  1  2  3  4  5  6  7  8  9 10 11 12 13 |
---------------+----------------------------------------+-----
Earth Magic    | 4 5 6 7 9 10 | 10.0
Spellcasting   | 3 4 5 6 8 |  8.0
Conjurations   | 1 2 3 4 5 |  5.0
Fighting       | 5 7 10 12 | 12.9
Dodging        | 6 9 14 13 | 14.3
Summonings     | 8 10 | 10.9
Translocations | 8 10 | 10.9
Stealth        | |  1.4
Transmutations | |  1.2

Action                   |  1- 3 |  4- 6 |  7- 9 | 10-12 | 13-15 || total
-------------------------+-------+-------+-------+-------+-------++-------
Melee: Mace              |       |       |       |    46 |    19 ||    65
 Cast: Sandblast         |    30 |    41 |    63 |   324 |    96 ||   554
       Stone Arrow       |       |       |    10 |   119 |    47 ||   176
       Petrify           |       |       |       |     1 |       ||     1
       Passwall          |       |       |       |       |     2 ||     2
Invok: Sacrifice Drink   |       |       |       |     1 |       ||     1
       Sacrifice Experie |       |       |       |     1 |       ||     1
       Sacrifice Purity  |       |       |       |       |     1 ||     1
Evoke: Wand              |       |       |       |     9 |     1 ||    10
  Use: Scroll            |       |       |    16 |     8 |     6 ||    30
       Potion            |       |       |       |       |     1 ||     1
Armor: Robe              |     1 |     6 |     3 |       |       ||    10
       Leather armour    |       |       |     3 |   162 |    62 ||   227
Dodge: Dodged            |     5 |     7 |    12 |   300 |    78 ||   402
Block: Buckler           |       |       |    12 |    97 |    28 ||   137

Table legend: (Time is in decaauts)
 A = Elapsed time spent in this place.
 B = Non-inter-level travel time spent in this place.
 C = Inter-level travel time spent in this place.
 D = Time resting spent in this place.
 E = Time spent auto-exploring this place.
 F = Levels seen in this place.
 G = Mean time per level.
                   A        B        C        D        E       F      G
               +--------+--------+--------+--------+--------+-----+--------+
         Total |   6600 |   6201 |    399 |      0 |   2975 |  17 |  388.2 |
       Dungeon |   4689 |   4477 |    212 |      0 |   2650 |  11 |  426.3 |
        Temple |    237 |    141 |     96 |      0 |    100 |   1 |  237.0 |
          Lair |   1673 |   1583 |     90 |      0 |    225 |   5 |  334.6 |
               +--------+--------+--------+--------+--------+-----+--------+

Top non-repeatable levels by time:
     D:7: 641 daAuts
  Lair:5: 635 daAuts
    D:11: 628 daAuts
    D:10: 534 daAuts
     D:8: 452 daAuts
     D:5: 445 daAuts
     D:6: 441 daAuts
  Lair:4: 435 daAuts
     D:2: 406 daAuts
     D:3: 398 daAuts
  Lair:3: 392 daAuts
     D:9: 297 daAuts
     D:4: 274 daAuts
  Temple: 237 daAuts
     D:1: 170 daAuts
